 Seeded DCSS version 0.30.1-11-g7821555f0a (webtiles) character file.

Game seed: 4 (custom seed)

74 Psyclone the Conjurer (level 4, 24/24 HPs)
             Began as a Deep Elf Conjurer on Nov 6, 2023.
             Was a Follower of Dithmenos.
             Quit the game on level 2 of the Dungeon.
             The game lasted 00:09:04 (2148 turns).

Psyclone the Conjurer (Deep Elf Conjurer)           Turns: 2148, Time: 00:09:04

Health: 24/24      AC:  2    Str:  4    XL:     4   Next: 9%
Magic:  10/10      EV: 12    Int: 25    God:    Dithmenos [*.....]
Gold:   69         SH:  0    Dex: 13    Spells: 6/9 levels left

rFire   . . .        (no weapon)
rCold   . . .        (no shield)
rNeg    . . .        a - +0 robe
rPois   .            (no helmet)
rElec   .            (no cloak)
rCorr   .            (no gloves)
SInv    .            (no boots)
Will    .....        (no amulet)
Stlth   ++           (no ring)
HPRegen 0.24/turn    (no ring)
MPRegen 0.12/turn

%: no passive effects
@: wreathed by umbra
A: no striking features
a: Renounce Religion


You were on level 2 of the Dungeon.
You worshipped Dithmenos.
Dithmenos was aware of your devotion.
You visited 1 branch of the dungeon, and saw 3 of its levels.

You collected 69 gold pieces.

Inventory:

Armour
 a - a +0 robe (worn)
Scrolls
 d - a scroll of acquirement
 e - 3 scrolls of identify {@r1}
Potions
 b - a potion of magic
 c - a potion of brilliance
 f - a potion of curing


   Skills:
 - Level 2.4 Dodging
 - Level 2.4 Stealth
 - Level 3.0 Spellcasting
 + Level 6.2 Conjurations


You had 6 spell levels left.
You knew the following spells:

 Your Spells              Type           Power      Damage    Failure   Level
a - Magic Dart            Conj           100%       1d8       1%          1
b - Searing Ray           Conj           70%        2d7       1%          2

Your spell library contained the following spells:

 Spells                   Type           Power      Damage    Failure   Level
 Dazzling Flash           Conj/Hex       38%        N/A       9%          3
 Mephitic Cloud           Conj/Pois/Air  14%        N/A       13%         3
 Call Imp                 Summ           6%         N/A       16%         2
 Cigotuvi's Dreadful Rot  Necr/Pois/Air  6%         N/A       16%         2
 Fulminant Prism          Conj/Hex       9%         3d6       28%         4
 Iskenderun's Mystic Bla  Conj/Tloc      19%        2d6       28%         4
 Ignite Poison            Fire/Tmut/Pois 3%         N/A       30%         3
 Freezing Cloud           Conj/Ice/Air   7%         6-21      75%         5


Dungeon Overview and Level Annotations

Branches:
Dungeon (3/15) Zot: 15849

Altars:
Dithmenos
Gozag

Shops:
D:1 (([!

Annotations:
D:2 Sigmund


Message History

Unknown command.
The eye of devastation turns its gaze towards you.
The shining eye turns its gaze towards you.
A bat comes into view.
Casting: Magic Dart (safe; 1% risk of failure)
Confirm with . or Enter, or press ? or * to list all spells.
Aiming: Magic Dart (safe; 1% risk of failure)
Press: ? - help, Shift-Dir - straight line, f - bat
Aim: a bat (asleep, umbra, 100% to hit)
The magic dart hits the bat.
The bat is moderately wounded.
The bat misses you.
You now have 9/10 mp.
Casting: Magic Dart (safe; 1% risk of failure)
Confirm with . or Enter, or press ? or * to list all spells.
Aiming: Magic Dart (safe; 1% risk of failure)
Press: ? - help, Shift-Dir - straight line, f/p - bat
Aim: a bat (moderately wounded, umbra, 100% to hit)
The magic dart hits the bat.
You kill the bat!
Dithmenos accepts your kill.
You now have 8/10 mp.
Casting: Magic Dart (safe; 1% risk of failure)
Confirm with . or Enter, or press ? or * to list all spells.
You can't see any susceptible monsters within range! (Use Z to cast anyway.) Unknown command.
Casting: Magic Dart (safe; 1% risk of failure)
Confirm with . or Enter, or press ? or * to list all spells.
You can't see any susceptible monsters within range! (Use Z to cast anyway.) Unknown command.
There is a stone staircase leading up here.
MP restored: 10 You enter the shallow water.
Moving in this stuff is going to be slow. ...and don't expect to remain undetected.
You flicker for a moment.
You see here an amulet of faith.
You flicker back into view.
You see here the +8 hand axe "Killer Klown's Curse" {heavy, Will+}.
Are you sure you want to abandon this character and quit the game? (Confirm with "yes".)

#...........~~⌠....
#..........~....~~.
#..........~..~~..~
#...........~~."..~
#...............~~.
##.####........~~.. #.#
#.###~~~~~~## ######## #)# ###
##~~~~###
#.....@######@##############..
#......##................##..#
#....<....##..#############...
#.......###[.## #.....#
#..>...####.## #.##...
#......# #..# ####.#..##
######## #.## ######....#.##
#.# ##....†.####.#
#.####..########..#


There were no monsters in sight!

Vanquished Creatures
  An adder (D:2)
  2 worms (D:2)
  4 dart slugs
  6 endoplasms
  3 giant cockroaches (D:1)
  6 goblins
  2 hobgoblins (D:2)
  3 jackals (D:2)
  4 kobolds (D:1)
  3 quokkas (D:1)
  3 ball pythons (D:1)
  4 bats
  5 rats
46 creatures vanquished.

Notes
Turn   | Place    | Note
-------+----------+-------------------------------------------
     0 | D:1      | Psyclone the Deep Elf Conjurer began the quest for the Orb.
     0 | D:1      | Reached XP level 1. HP: 10/10 MP: 6/6
    44 | D:1      | Found Jiuv Boq's Antique Weapon Shoppe.
   161 | D:2      | Reached XP level 2. HP: 15/15 MP: 5/8
   194 | D:2      | Reached skill level 5 in Conjurations
   197 | D:2      | Learned a level 2 spell: Searing Ray
   376 | D:2      | Identified the +8 hand axe "Killer Klown's Curse" {heavy,
                  | Will+}
   389 | D:2      | Identified a scroll of acquirement
   522 | D:2      | Noticed Sigmund
   549 | D:2      | Reached XP level 3. HP: 19/19 MP: 1/9
   726 | D:2      | Found a faded altar of an unknown god.
   730 | D:2      | Noticed an eye of devastation
   812 | D:2      | Noticed a great orb of eyes
   812 | D:2      | Noticed an eye of devastation
   812 | D:2      | Noticed a shining eye
   859 | D:2      | Prayed at the altar of an unknown god.
   859 | D:2      | Became a worshipper of Dithmenos the Shadowed
   859 | D:2      | Reached * piety under Dithmenos
   904 | D:3      | Found an opulent altar of Gozag.
  1074 | D:1      | Found Yjadgh's Distillery.
  1173 | D:1      | Found Sosuihit's Armour Shoppe.
  1203 | D:1      | Found Cyacs's Weapon Emporium.
  1324 | D:1      | Reached skill level 6 in Conjurations
  1808 | D:1      | Reached XP level 4. HP: 24/24 MP: 7/10
  2148 | D:2      | Quit the game

Illustrated notes

Levels and vault maps discovered:
D:1:      roderic_crossed_star, layout_loops_ring, serial_shops, shop,
          nicolae_shop_tiny_statue_garden, nicolae_shop_tiny_glass, shop
D:2:      cheibrodos_helix_gallery, layout_rooms,
          hellmonk_ecumenical_altar_watching_god, uniq_sigmund
D:3:      layout_basic, nicolae_gozag_seed_capital, nrook_mini_backslash,
          st_stairs_4, serial_bayou_lagoon_b, uniq_robin

Skill      XL: |  1  2  3 |
---------------+----------+-----
Conjurations   | 5 6 |  6.2
Dodging        | |  2.4
Stealth        | |  2.4
Spellcasting   | |  3.0

Action                     |  1- 3 |  4- 6 || total
---------------------------+-------+-------++-------
  Melee: Unarmed           |    16 |       ||    16
   Cast: Magic Dart        |    93 |     7 ||   100
    Use: Potion            |     2 |     1 ||     3
         Scroll            |     1 |       ||     1
 Armour: Robe              |     5 |       ||     5
  Dodge: Dodged            |    22 |     1 ||    23
